 Dungeon Crawl Stone Soup version 0.29.0-13-gc9e81de378 (webtiles) character file.

Game seed: 9440477171267708948

146 RascalDebosk the Cudgeller (level 5, -1/53 HPs)
             Began as a Troll Berserker on Sept 8, 2022.
             Was a Believer of Trog.
             Slain by an orc wizard
             ... wielding a +0 dagger
              (3 damage)
             ... on level 3 of the Dungeon.
             The game lasted 00:10:53 (2063 turns).

RascalDebosk the Cudgeller (Troll Berserker)        Turns: 2063, Time: 00:10:54

Health: -1/53      AC:  4    Str: 25    XL:     5   Next: 7%
Magic:  4/4        EV: 10    Int:  5    God:    Trog [**....]
Gold:   145        SH:  0    Dex:  9    Spells: 4/4 levels left

rFire   . . .      SeeInvis .   k - +1 whip (holy)
rCold   . . .      Faith    .   (no shield)
rNeg    . . .      Spirit   .   n - +0 robe
rPois   .          Reflect  +   (helmet restricted)
rElec   .          Harm     .   (no cloak)
rCorr   .          Rampage  .   (gloves unavailable)
Will    .....                   (boots unavailable)
Stlth   +.........              m - amulet of reflection
HPRegen 0.97/turn               (no ring)
MPRegen 0.09/turn               (no ring)

@: confused, on berserk cooldown, slowed, very slow
A: large, unfitting armour, claws 3, regeneration 1, shaggy fur 1, tough skin 1
a: Renounce Religion, Berserk, Trog's Hand


You were on level 3 of the Dungeon.
You worshipped Trog.
Trog was pleased with you.
You visited 1 branch of the dungeon, and saw 3 of its levels.

You collected 145 gold pieces.

Inventory:

Hand Weapons
 a - a +0 mace
 k - a +1 whip of holy wrath (weapon)
Missiles
 h - 4 poisoned darts (quivered)
 i - 2 javelins
Armour
 n - a +0 robe (worn)
Jewellery
 m - an amulet of reflection (around neck)
Scrolls
 c - 3 scrolls of teleportation {unknown}
 d - a scroll of blinking {unknown}
 f - 2 scrolls of enchant weapon {unknown}
 j - 2 scrolls of identify {unknown}
 o - a scroll of magic mapping {unknown}
Potions
 e - 2 potions of curing {unknown}
 g - a potion of attraction {unknown}
 l - a potion of mutation {unknown}


   Skills:
 + Level 3.0 Fighting
 + Level 3.3 Maces & Flails
 + Level 1.7 Throwing
 + Level 1.4 Armour
 + Level 3.0 Dodging


You had 4 spell levels left.
You didn't know any spells.
Your spell library was empty.

Dungeon Overview and Level Annotations

Branches:
Dungeon (3/15)

Altars:
Yredelemnul


Innate Abilities, Weirdness & Mutations

You are too large for most types of armour.
You have claws for hands.
Your natural rate of healing is unusually fast.
You are covered in fur. (AC +1)
You have tough skin. (AC +1)


Message History

You are more confused.
You miss the orc wizard.
The orc wizard is severely wounded.
You bump into the rock wall.
Something hits you.
The orc wizard hits you but does no damage.
The orc priest mumbles some strange prayers to Beogh against you.
Beogh smites you!
You feel a strong urge to attack something.
You bump into the rock wall.
You are no longer berserk.
You are exhausted.
You feel yourself slow down. Something hits you.
The orc wizard gestures at you while chanting.
You are more confused.
You closely miss something. Something hits you.
The orc wizard mumbles some strange words.
The orc wizard flickers and vanishes!
Something hits you.
You closely miss something.
Something hits you but does no damage. x2
The orc priest mumbles some strange prayers to Beogh against you.
Beogh smites you!
* * * LOW HITPOINT WARNING * * *
You bump into the rock wall.
Something hits you.
* * * LOW HITPOINT WARNING * * *
Something completely misses you.
You completely miss something. Something hits you.
* * * LOW HITPOINT WARNING * * *
Something hits you but does no damage. x2; Something hits you.
* * * LOW HITPOINT WARNING * * *
You miss something.
You hear some strange, mumbled words.
A puff of flame appears from out of thin air!
The puff of flame hits you.
* * * LOW HITPOINT WARNING * * *
Something hits you.
* * * LOW HITPOINT WARNING * * *
A hobgoblin comes into view.
You closely miss something. Something hits you.
* * * LOW HITPOINT WARNING * * *
Something hits you.
You die...

#.# ##.#[
#.# #.#.
#.# #.#.
#.# #.#.
#†# ....
#.###
....
#...#
....
#######.#
...
#@{.....#
.
#.#######
#o#


#ooo# #..oo.# #. ......... #. ###.....### ## ##..g## ##.## You could see an orc
priest, 5 orcs and a hobgoblin.

Vanquished Creatures
  A scorpion (D:3)
  A hound zombie (D:3)
  2 adders
  2 adder zombies (D:3)
  2 worms (D:3)
  2 dart slugs (D:1)
  2 orcs (D:3)
  3 endoplasms
  2 goblins
  4 hobgoblins
  4 kobolds
  3 ball pythons
  5 bats
  A frilled lizard (D:3)
  8 rats
42 creatures vanquished.

Vanquished Creatures (others)
  3 plants (D:2)
3 creatures vanquished.

Grand Total: 45 creatures vanquished

Notes
Turn   | Place    | Note
-------+----------+-------------------------------------------
     0 | D:1      | RascalDebosk the Troll Berserker began the quest for the
                  | Orb.
     0 | D:1      | Reached XP level 1. HP: 22/22 MP: 0/0
   129 | D:1      | Reached XP level 2. HP: 29/29 MP: 1/1
   847 | D:2      | Reached ** piety under Trog
   865 | D:2      | Reached skill level 1 in Throwing
   865 | D:2      | Reached XP level 3. HP: 36/36 MP: 2/2
   946 | D:2      | Found a faded altar of an unknown god.
  1798 | D:3      | Reached skill level 1 in Armour
  1830 | D:3      | Noticed a scorpion
  1841 | D:3      | Killed a scorpion
  1842 | D:3      | Reached XP level 4. HP: 21/44 MP: 3/3
  1982 | D:3      | Found a basalt altar of Yredelemnul.
  2002 | D:3      | Reached XP level 5. HP: 53/53 MP: 4/4
  2062 | D:3      | HP: 2/53 [something (1)]
  2063 | D:3      | Slain by an orc wizard

Illustrated notes

Levels and vault maps discovered:
D:1:      lemuel_arrival_cross, layout_loops_ring
D:2:      layout_loops_ring, dreamdust_ecumenical_altar_grove, minivault_23,
          chequers_big_river
D:3:      layout_loops_ring, nicolae_yredelemnul_corpse_copse,
          lemuel_coloured_pillars_altar, serial_shops, shop_fountains

Skill      XL: |  1  2  3  4 |
---------------+-------------+-----
Maces & Flails | 3 |  3.3
Throwing       | 1 |  1.7
Armour         | 1 |  1.4
Dodging        | 3 |  3.0
Fighting       | 3 |  3.0

Action                   |  1- 3 |  4- 6 || total
-------------------------+-------+-------++-------
Melee: Mace              |    47 |       ||    47
       Punch             |     2 |       ||     2
       Whip              |    43 |    46 ||    89
Invok: Berserk           |     1 |     1 ||     2
Armor: Animal skin       |    43 |       ||    43
       Robe              |    10 |    17 ||    27
Dodge: Dodged            |    60 |    13 ||    73
Block: Other             |       |     5 ||     5
